 Dungeon Crawl Stone Soup version 0.28.0-47-ge53b351184 (webtiles) character file.

Game seed: 10086829309220172925

348 Peloso the Slasher (level 6, -2/56 HPs)
             Began as a Minotaur Fighter on Apr 29, 2022.
             Slain by an ogre
             ... wielding a +0 giant spiked club
              (13 damage)
             ... on level 4 of the Dungeon.
             The game lasted 00:05:00 (3363 turns).

Peloso the Slasher (Minotaur Fighter)               Turns: 3363, Time: 00:05:00

Health: -2/56      AC: 14    Str: 21    XL:     6   Next: 33%
Magic:  5/5        EV:  7    Int:  5    God:
Gold:   107        SH:  5    Dex: 11    Spells: 5/5 levels left

rFire   + . .      SeeInvis .   a - +1 long sword
rCold   . . .      Faith    .   c - +0 buckler
rNeg    . . .      Spirit   .   f - +1 chain mail
rPois   .          Reflect  .   (helmet restricted)
rElec   .          Harm     .   (no cloak)
rCorr   .          Rampage  .   (no gloves)
Will    .....                   (no boots)
Stlth   ..........              (no amulet)
HPRegen 0.18/turn               e - +4 ring of protection
MPRegen 0.09/turn               m - ring of protection from fire

@: no status effects
A: horns 2, retaliatory headbutt
a: no special abilities


You were on level 4 of the Dungeon.
You visited 1 branch of the dungeon, and saw 4 of its levels.

You collected 107 gold pieces.

Inventory:

Hand Weapons
 a - a +1 long sword (weapon)
 b - the +1 flail "Wirar" {flame, rN+ rCorr Dex+4}
   (You found it on level 3 of the Dungeon)

   It burns those it strikes, dealing additional fire damage.
   Dex:       It affects your dexterity (+4).
   rN:        It protects you from negative energy.
   rCorr:     It protects you from acid and corrosion.
Armour
 c - a +0 buckler (worn)
 f - a +1 chain mail (worn)
Jewellery
 e - a +4 ring of protection (left hand)
 m - a ring of protection from fire (right hand)
Scrolls
 i - a scroll of magic mapping
 k - 2 scrolls of teleportation
Potions
 d - a potion of might
 g - a potion of cancellation
 h - a potion of ambrosia {unknown}
 j - a potion of haste {unknown}
 l - 3 potions of mutation {unknown}
 n - 2 potions of flight {unknown}


   Skills:
 + Level 5.0 Fighting
 + Level 5.5 Long Blades
 + Level 5.0 Armour
 + Level 0.8 Dodging
 + Level 4.7 Shields


You had 5 spell levels left.
You didn't know any spells.
Your spell library was empty.

Dungeon Overview and Level Annotations

Branches:
Dungeon (4/15)
 Temple: D:4-7

Altars:

Shops:
D:2 =


Innate Abilities, Weirdness & Mutations

You have a pair of horns on your head.
You reflexively headbutt those who attack you in melee.


Message History

You closely miss the iguana. Your headbutt misses the iguana.
The iguana bites you but does no damage.
You closely miss the iguana. Your headbutt misses the iguana.
You block the iguana's attack.
You hit the iguana.
The iguana is lightly wounded.
The iguana completely misses you.
You hit the iguana. You headbutt the iguana.
The iguana is severely wounded.
The iguana bites you!
You hit the iguana. Your headbutt misses the iguana.
The iguana is almost dead.
The iguana bites you but does no damage.
You slash the iguana!
You kill the iguana!
Your Fighting skill increases to level 5!
You see here an iguana corpse.
HP restored.
k - 2 scrolls of teleportation (gained 1)
Found a stone staircase leading down.
There is a stone staircase leading down here.
An ogre comes into view. It is wielding a +0 giant spiked club.
The ogre shouts!
You hear a shout!
An ogre is nearby!
The ogre hits you with a +0 giant spiked club!!
You barely miss the ogre. Your headbutt misses the ogre.
The ogre closely misses you. You furiously retaliate!
You headbutt the ogre. You slash the ogre! Your headbutt misses the ogre.
The ogre is severely wounded.
You hit the ogre. You headbutt the ogre.
The ogre is almost dead.
The ogre hits you with a +0 giant spiked club.
You barely miss the ogre.
The ogre is almost dead.
The ogre hits you with a +0 giant spiked club!!
* * * LOW HITPOINT WARNING * * *
You hit the ogre. Your headbutt misses the ogre.
The ogre is almost dead.
The ogre hits you with a +0 giant spiked club!
You die...

#.#######.##.#
#.##.#
#.##.#######.
#.##.........
#.###....####
#.# #.####
###.###.####
...........#
####.##.##@#
#. #.##O# #.
...... ..
##.##.## .
#.##.# .....#
#.####


You could see an ogre.

Vanquished Creatures
  A steam dragon (D:4)
  An orc priest (D:3)
  Terence (D:2)
  An iguana (D:4)
  5 adders
  A gnoll (D:1)
  3 worms
  6 orcs (D:3)
  8 endoplasms
  3 giant cockroaches
  5 goblins
  4 hobgoblins
  3 jackals (D:2)
  2 quokkas
  8 ball pythons
  5 bats
  5 frilled lizards
  6 kobolds
  3 rats
71 creatures vanquished.

Notes
Turn   | Place    | Note
-------+----------+-------------------------------------------
     0 | D:1      | Peloso the Minotaur Fighter began the quest for the Orb.
     0 | D:1      | Reached XP level 1. HP: 19/19 MP: 0/0
   406 | D:1      | Found a faded altar of an unknown god.
   497 | D:1      | HP: 1/20 [gnoll/+0 spear (3)]
   499 | D:1      | Reached XP level 2. HP: 1/27 MP: 1/1
  1396 | D:2      | Reached XP level 3. HP: 33/33 MP: 2/2
  2024 | D:2      | Found Kelohe's Jewellery Shoppe.
  2051 | D:2      | Noticed Terence
  2059 | D:2      | Killed Terence
  2060 | D:2      | Reached XP level 4. HP: 34/41 MP: 3/3
  2448 | D:3      | Reached XP level 5. HP: 34/47 MP: 4/4
  2565 | D:3      | Identified the +1 flail "Wirar" {flame, rN+ rCorr Dex+4}
  3137 | D:4      | Noticed a steam dragon
  3183 | D:4      | Killed a steam dragon
  3184 | D:4      | Reached skill level 5 in Long Blades
  3184 | D:4      | Reached skill level 5 in Armour
  3184 | D:4      | Reached XP level 6. HP: 36/55 MP: 5/5
  3206 | D:4      | Reached skill level 5 in Fighting
  3363 | D:4      | Slain by an ogre

Illustrated notes

Levels and vault maps discovered:
D:1:      mrwooster_arrival_statue_3, layout_loops_ring,
          chequers_ecumenical_altar_grove
D:2:      layout_basic, serial_shops, shop, uniq_terence
D:3:      layout_basic, nicolae_overflow_hidden_temple
D:4:      layout_loops_ring

Skill      XL: |  1  2  3  4  5  6 |
---------------+-------------------+-----
Armour         | 4 5 |  5.0
Shields        | 4 |  4.7
Fighting       | 4 5 |  5.0
Long Blades    | 3 4 5 |  5.5
Dodging        | |  0.8

Action                   |  1- 3 |  4- 6 || total
-------------------------+-------+-------++-------
Melee: Long sword        |    96 |    93 ||   189
       Headbutt          |    10 |    15 ||    25
  Use: Scroll            |       |     6 ||     6
Armor: Scale mail        |    10 |       ||    10
       Chain mail        |    39 |    49 ||    88
Dodge: Dodged            |    39 |    41 ||    80
Block: Buckler           |    25 |    20 ||    45
